 Dungeon Crawl Stone Soup version 0.16.0-12-g7215832 (webtiles) character file.

60 uw0tm8 the Gusty (level 3, 0/30 HPs)
             Began as a Draconian Air Elementalist on Mar 18, 2015.
             Slain by a worm (8 damage)
             ... on level 2 of the Dungeon.
             The game lasted 00:04:51 (2270 turns).

uw0tm8 the Gusty (Draconian Air Elementalist)       Turns: 2270, Time: 00:04:51

Health: 0/30       AC:  5    Str: 11    XL:     3   Next: 82%
Magic:  2/7        EV: 12    Int: 15    God:
Gold:   114        SH:  0    Dex: 11    Spells: 1 memorised, 7 levels left

rFire  . . .     SeeInvis .     (no weapon)
rCold  . . .     Clarity  .     (armour unavailable)
rNeg   . . .     SustAb   .     (no shield)
rPois  .         Gourm    .     (helmet restricted)
rElec  .         Spirit   .     (no cloak)
rCorr  .         Warding  .     (no gloves)
rMut   .         Stasis   .     (no boots)
MR     .....                    (no amulet)
Stlth  ++........               e - ring of invisibility
                                l - ring of flight

@: not resistant to hostile enchantments, unstealthy
A: unfitting armour, cold-blooded, AC +5
a: Evoke Invisibility, Evoke Flight


You were on level 2 of the Dungeon.
You were very hungry.

You visited 1 branch of the dungeon, and saw 2 of its levels.

You collected 114 gold pieces.

Inventory:

Jewellery
 e - a ring of invisibility (right hand)
 l - a ring of flight (left hand)
Scrolls
 a - a scroll of enchant weapon {unknown}
 d - 3 scrolls of teleportation {unknown}
 f - a scroll of noise {unknown}
 h - 3 scrolls of identify {unknown}
 j - a scroll of amnesia {unknown}
 k - a scroll of fog {unknown}
Potions
 g - 2 potions of curing {unknown}
 i - a potion of restore abilities {unknown}
Books
 b - a book of Air

   Spells                             Type                      Level
   a - Shock                          Conjuration/Air              1
   b - Swiftness                      Charms/Air                   2
   c - Repel Missiles                 Charms/Air                   2
   d - Flight                         Charms/Air                   3
   e - Static Discharge               Conjuration/Air              3
   f - Lightning Bolt                 Conjuration/Air              5
Comestibles
 c - a bread ration
 m - 2 fruits


   Skills:
 + Level 2.6 Fighting
 - Level 1.7 Dodging
 - Level 1.7 Stealth
 + Level 3.0 Spellcasting
 - Level 1.0 Conjurations
 - Level 3.0 Air Magic


You had 7 spell levels left.
You knew the following spells:

 Your Spells              Type           Power        Failure   Level  Hunger
a - Shock                 Conj/Air       #...         12%         1    #......


Dungeon Overview and Level Annotations

Branches:
Dungeon (2/15)

Altars:
Qazlal


Innate Abilities, Weirdness & Mutations

Your plain brown scales are hard (AC +5).
Your body does not fit into most forms of armour.
Your cold-blooded metabolism reacts poorly to cold.


Message History

You are too injured to fight recklessly!
You are too injured to fight recklessly!
You are too injured to fight recklessly!
You hit the worm but do no damage.
The worm is moderately wounded.
The worm bites you but does no damage.
You barely miss the worm.
The worm is moderately wounded.
You hit the worm.
The worm is heavily wounded.
The worm barely misses you.
You barely miss the worm.
The worm is heavily wounded.
You barely miss the worm.
The worm is heavily wounded.
The worm bites you but does no damage.
You completely miss the worm.
The worm is heavily wounded.
The worm bites you!
You die...

#............#....##.......+..
#..K.#........#...##.......#..
#.............#...............
#....##?......##..###########.
#......((.#.(.#......# #......
#...$...#.()#.#......# #.#..##
#.....<.....#.#......###......
#...........w..#..............
##.##...#####@................
#.#..... #................#..
# #..... #.#.....##########..
.......#.#........ .#..
.........#.######. .....
......#.... .....# ......#.#.#
.....# ..... #.... ..... .###
###.## ..##


You could see a worm.

Vanquished Creatures
  An adder (D:2)
  3 worms (D:2)
  2 giant geckos (D:1)
  A giant cockroach (D:2)
  2 goblins (D:1)
  5 hobgoblins
  2 ball pythons (D:1)
  6 bats
  2 jackals (D:1)
  5 kobolds
  3 rats
32 creatures vanquished.

Notes
Turn   | Place    | Note
--------------------------------------------------------------
     0 | D:1      | uw0tm8, the Draconian Air Elementalist, began the quest for the Orb.
     0 | D:1      | Reached XP level 1. HP: 14/14 MP: 3/3
   492 | D:1      | Reached skill level 1 in Fighting
   566 | D:1      | Reached XP level 2. HP: 23/23 MP: 0/4
  1578 | D:2      | Reached XP level 3. HP: 18/29 MP: 0/6
  1871 | D:2      | Found a stormy altar of Qazlal.
  2270 | D:2      | Slain by a worm

Action                   || total
-------------------------++-------
Melee: Unarmed           ||   106
 Cast: Shock             ||    64
 Stab: Sleeping          ||     2
  Eat: Chunk             ||     3
       Fruit             ||     1
